 Dungeon Crawl Stone Soup version 0.23-b1-70-gd12f7cf (webtiles) character file.

Game seed: 13391940583599569587

9 Yuikono the Shooter (level 2, -1/23 HPs)
             Began as a Gnoll Wanderer on Feb 6, 2019.
             Slain by a hobgoblin
             ... wielding a +0 club
              (5 damage)
             ... on level 1 of the Dungeon.
             The game lasted 00:01:18 (391 turns).

Yuikono the Shooter (Gnoll Wanderer)                 Turns: 391, Time: 00:01:19

Health: -1/23      AC:  2    Str: 14    XL:     2   Next: 12%
Magic:  5/5        EV: 11    Int: 14    God:
Gold:   2          SH:  0    Dex: 14    Spells: 5/6 levels left

rFire    . . .     SeeInvis .   h - +2 dagger (holy)
rCold    . . .     Gourm    .   (no shield)
rNeg     . . .     Faith    .   e - +0 robe
rPois    .         Spirit   .   (no helmet)
rElec    .         Reflect  .   (no cloak)
rCorr    .         Harm     .   (no gloves)
MR       .....                  (no boots)
Stlth    +++.......             (no amulet)
HPRegen  0.07/turn              (no ring)
MPRegen  0.09/turn              (no ring)

@: no status effects
A: distributed training, fangs 1, strong nose
a: no special abilities


You were on level 1 of the Dungeon.
You were not hungry.

You visited 1 branch of the dungeon, and saw 1 of its levels.

You collected 2 gold pieces.

Inventory:

Hand Weapons
 a - a +2 dagger
 h - a +2 dagger of holy wrath (weapon)
Armour
 e - a +0 robe (worn)
Scrolls
 c - a scroll of random uselessness {unknown}
 j - a scroll of magic mapping {unknown}
Potions
 b - a potion of berserk rage
 d - a potion of lignification
 g - a potion of resistance {unknown}
 i - a potion of curing {unknown}
Comestibles
 f - a ration


   Skills:
 + Level 2.4 Fighting
 + Level 0.2 Short Blades
 + Level 0.2 Long Blades
 + Level 0.2 Axes
 + Level 0.2 Maces & Flails
 + Level 0.2 Polearms
 + Level 0.2 Staves
 + Level 0.2 Slings
 + Level 6.4 Bows
 + Level 0.2 Crossbows
 + Level 0.2 Throwing
 + Level 2.4 Armour
 + Level 0.2 Dodging
 + Level 4.0 Stealth
 + Level 0.2 Shields
 + Level 0.2 Unarmed Combat
 + Level 2.6 Spellcasting
 + Level 3.6 Conjurations
 + Level 0.1 Hexes
 + Level 0.1 Charms
 + Level 0.1 Summonings
 + Level 0.1 Necromancy
 + Level 0.1 Translocations
 + Level 0.1 Transmutations
 + Level 0.1 Fire Magic
 + Level 0.1 Ice Magic
 + Level 0.1 Air Magic
 + Level 0.1 Earth Magic
 + Level 0.1 Poison Magic
 + Level 0.3 Invocations
 + Level 0.2 Evocations


You had 5 spell levels left.
You knew the following spells:

 Your Spells              Type           Power        Failure   Level  Hunger
a - Beastly Appendage     Tmut           #.....       21%         1    #......

Your spell library contained the following spells:

 Spells                   Type           Power        Failure   Level  Hunger
 Ignite Poison            Fire/Tmut/Pois #.......     52%         3    ###....


Dungeon Overview and Level Annotations

Branches:
Dungeon (1/15)

Altars:


Innate Abilities, Weirdness & Mutations

Your experience applies equally to all skills.
You have very sharp teeth.
Your uncanny sense of smell can sniff out nearby items.


Message History

* * * LOW HITPOINT WARNING * * *
You barely miss the jackal.
The jackal is almost dead.
The jackal bites you but does no damage.
You hit the jackal but do no damage.
The jackal is almost dead.
The jackal bites you.
* * * LOW HITPOINT WARNING * * *
You closely miss the jackal.
The jackal is almost dead.
The jackal closely misses you.
A hobgoblin comes into view. It is wielding a +0 club.
The jackal closely misses you.
The hobgoblin shouts!
You hit the jackal.
You kill the jackal!
Things that are here:
a jackal corpse x3
The hobgoblin hits you with a +0 club.
You die...

#.....##.#
####.....##.#####.##
...................#
###......##.#####..#
#.#...###.# ..# #
#.##.## #.# ..# ..
#.##.# #.# ..#.#
#.##.# ##.#####...#
###.##.#
#....†.@g..#
.##.##.#
##.#####...#
#.#.##.# ### .##.#
.>.....# .# ..
....#### .. # #####
## ...## .#..######
##..#....#


You could see a hobgoblin.

Vanquished Creatures
  A giant cockroach (D:1)
  A hobgoblin (D:1)
  3 jackals (D:1)
  A kobold (D:1)
  A goblin (D:1)
7 creatures vanquished.

Notes
Turn   | Place    | Note
-------+----------+-------------------------------------------
     0 | D:1      | Yuikono the Gnoll Wanderer began the quest for the Orb.
     0 | D:1      | Yuikono set off with the following items: a +2 dagger, a
                  | potion of berserk rage, a potion of lignification, a +0
                  | robe, a ration; and the following spell memorised: Beastly
                  | Appendage; and the following spells available to memorise:
                  | Ignite Poison
     0 | D:1      | Reached XP level 1. HP: 17/17 MP: 4/4
   383 | D:1      | Reached XP level 2. HP: 6/23 MP: 5/5
   391 | D:1      | Slain by a hobgoblin

Action                   || total
-------------------------++-------
Melee: Dagger            ||    36
       Bite              ||     3
 Stab: Sleeping          ||     1
Armor: Robe              ||    11
Dodge: Dodged            ||     8
